 Dungeon Crawl Stone Soup version 0.20.1-1-g8b1a95d (webtiles) character file.

188 McKennaii the Conjurer (level 5, -3/41 HPs)
             Began as a Draconian Conjurer on Aug 5, 2017.
             Slain by an orc
             ... wielding a +0 flail
              (6 damage)
             ... on level 3 of the Dungeon.
             The game lasted 00:04:46 (2174 turns).

McKennaii the Conjurer (Draconian Conjurer)         Turns: 2174, Time: 00:04:47

Health: -3/41      AC:  5    Str: 12    XL:     5   Next: 39%
Magic:  0/10       EV: 12    Int: 19    God:
Gold:   109        SH:  0    Dex: 11    Spells: 10/11 levels left

rFire    . . .     SeeInvis .     - Unarmed
rCold    . . .     Gourm    .   (no shield)
rNeg     + . .     Faith    .   (armour unavailable)
rPois    .         Spirit   .   (helmet restricted)
rElec    .         Reflect  .   (no cloak)
rCorr    .         Harm     .   (no gloves)
MR       .....                  (no boots)
Stlth    ++........             d - amulet of magic regeneration
Regen    0.2/turn               g - ring of positive energy
MPRegen  0.2/turn               (no ring)

@: no status effects
A: unfitting armour, horns 1, clever 1, robust 1, strong 1, cold-blooded, AC +5
a: no special abilities


You were on level 3 of the Dungeon.
You were not hungry.

You visited 1 branch of the dungeon, and saw 3 of its levels.

You collected 109 gold pieces.

Inventory:

Jewellery
 d - an amulet of magic regeneration (around neck)
 g - a ring of positive energy (left hand)
Scrolls
 f - 3 scrolls of identify
Books
 a - a book of Conjurations

   Spells                             Type                      Level
   a - Magic Dart                     Conjuration                  1
   b - Searing Ray                    Conjuration                  2
   c - Dazzling Spray                 Conjuration/Hexes            3
   d - Fulminant Prism                Conjuration/Hexes            4
   e - Force Lance                    Conjuration/Translocation    4
   f - Iskenderun's Mystic Blast      Conjuration                  4
Comestibles
 b - 4 bread rations


   Skills:
 + Level 2.2 Dodging
 + Level 2.1 Stealth
 + Level 1.1 Unarmed Combat
 * Level 3.5 Spellcasting
 + Level 5.3 Conjurations


You had 10 spell levels left.
You knew the following spells:

 Your Spells              Type           Power        Failure   Level  Hunger
a - Magic Dart            Conj           ###.         1%          1    None


Dungeon Overview and Level Annotations

Branches:
Dungeon (3/15)

Altars:
Nemelex Xobeh


Innate Abilities, Weirdness & Mutations

Your plain brown scales are hard. (AC +5)
You cannot fit into any form of body armour.
You are cold-blooded and may be slowed by cold attacks.
You have a pair of small horns on your head.
Your mind is acute. (Int +2)
You are robust. (+10% HP)
Your muscles are strong. (Str +2)


Message History

Aiming: Magic Dart
Press: ? - help, Shift-Dir - straight line, f/p - orc
Aim: an orc, wielding a flail and wearing a shiny scale mail (severely wounded)
The magic dart hits the orc.
The orc is severely wounded.
The orc barely misses you.
Casting: Magic Dart
Confirm with . or Enter, or press ? or * to list all spells.
You don't have enough magic to cast that spell.
Unknown command.
There is an open door here.
Casting: Magic Dart
Confirm with . or Enter, or press ? or * to list all spells.
Aiming: Magic Dart
Press: ? - help, Shift-Dir - straight line, f/p - orc
Aim: an orc, wielding a flail and wearing a shiny scale mail (severely wounded)
The magic dart hits the orc.
The orc is severely wounded.
The orc hits you with a flail.
You die...

##### #...# #...#####
#...'.... #..K#####
##########...# ##########
#.......##...#
#........###........)...###
#........'.@................
#........###o......##...####
#........##<)......##...#
#...)....##........##...#
#........##........##...#
#........##.#+###########
#........##.# #####.#####.#
#.# #.#


You could see an orc.

Vanquished Creatures
  An orc priest (D:3)
  Terence (D:3)
  A gnoll (D:1)
  6 adders
  2 oozes (D:1)
  A leopard gecko (D:3)
  3 orcs (D:3)
  A ball python (D:1)
  4 bats (D:2)
  4 giant cockroaches
  4 goblins
  10 hobgoblins
  5 jackals
  6 kobolds
  A frilled lizard (D:2)
  5 rats
55 creatures vanquished.

Notes
Turn   | Place    | Note
-------+----------+-------------------------------------------
     0 | D:1      | McKennaii the Draconian Conjurer began the quest for the Orb.
     0 | D:1      | Reached XP level 1. HP: 14/14 MP: 3/3
    85 | D:1      | Reached XP level 2. HP: 20/20 MP: 1/5
   477 | D:1      | Reached XP level 3. HP: 13/26 MP: 0/6
   953 | D:2      | Reached skill level 1 in Unarmed Combat
   966 | D:2      | Reached XP level 4. HP: 33/33 MP: 2/8
  1333 | D:2      | Found a sparkling altar of Nemelex Xobeh.
  1577 | D:3      | Noticed Terence
  1604 | D:3      | Killed Terence
  1604 | D:3      | Reached skill level 5 in Conjurations
  1826 | D:3      | Reached XP level 5. HP: 38/38 MP: 4/9
  1846 | D:3      | Gained mutation: You have a pair of small horns on your head. [potion of mutation]
  1846 | D:3      | Gained mutation: Your mind is acute. (Int +2) [potion of mutation]
  1846 | D:3      | Gained mutation: Your muscles are strong. (Str +2) [potion of mutation]
  1846 | D:3      | Gained mutation: You are robust. (+10% HP) [potion of mutation]
  2169 | D:3      | HP: 2/41 [orc/flail (5)]
  2174 | D:3      | Slain by an orc

Skill      XL: |  1  2  3  4 |
---------------+-------------+-----
Dodging        | 2 |  2.2
Unarmed Combat | 1 |  1.1
Spellcasting   | 3 |  3.5
Stealth        | 2 |  2.1
Conjurations   | 5 |  5.3

Action                   |  1- 3 |  4- 6 || total
-------------------------+-------+-------++-------
Melee: Unarmed           |    58 |    38 ||    96
       Tailslap          |     9 |     3 ||    12
 Cast: Magic Dart        |    60 |    81 ||   141
  Use: Potion            |       |     4 ||     4
       Scroll            |       |     4 ||     4
  Eat: Chunk             |     1 |     4 ||     5
Armor: Skin              |    26 |     8 ||    34
Dodge: Dodged            |    55 |    42 ||    97
